 Dungeon Crawl Stone Soup version 0.20.0-6-gd3061e9 (webtiles) character file.

27 inmateoo the Insei (level 3, 0/20 HPs)
             Began as a Tengu Transmuter on May 28, 2017.
             Slain by a leopard gecko (5 damage)
             ... on level 1 of the Dungeon.
             The game lasted 00:01:01 (1067 turns).

inmateoo the Insei (Tengu Transmuter)               Turns: 1067, Time: 00:01:01

Health: 0/20       AC:  3    Str: 11    XL:     3   Next: 10%
Magic:  6/7        EV: 12    Int: 13    God:
Gold:   2          SH:  0    Dex: 14    Spells: 5/6 levels left

rFire    . . .     SeeInvis .     - Unarmed
rCold    . . .     Gourm    .   (no shield)
rNeg     . . .     Faith    .   b - +0 robe
rPois    .         Spirit   .   (helmet restricted)
rElec    .         Reflect  .   (no cloak)
rCorr    .         Harm     .   f - +0 pair of gloves
MR       .....                  (boots unavailable)
Stlth    +.........             (no amulet)
Regen    0.1/turn               (no ring)
MPRegen  0.1/turn               (no ring)

@: appendage (expiring)
A: beak, horns 2, talons 3
a: End Transformation


You were on level 1 of the Dungeon.
You were hungry.
You had grown temporary horns.
You visited 1 branch of the dungeon, and saw 1 of its levels.

You collected 2 gold pieces.

Inventory:

Missiles
 a - 12 arrows
Armour
 b - a +0 robe (worn)
 f - a +0 pair of gloves (worn)
Scrolls
 e - a scroll of recharging {unknown}
 g - a scroll of teleportation {unknown}
 h - a scroll of identify {unknown}
 j - a scroll of fear {unknown}
 l - a scroll of remove curse {unknown}
Potions
 i - a potion of might {unknown}
 k - a potion of curing
 m - a potion of brilliance {unknown}
Books
 c - a book of Changes

   Spells                             Type                      Level
   a - Beastly Appendage              Transmutation                1
   b - Sticks to Snakes               Transmutation                2
   c - Spider Form                    Transmutation/Poison         3
   d - Ice Form                       Ice/Transmutation            4
   e - Blade Hands                    Transmutation                5
Comestibles
 d - a bread ration


   Skills:
 + Level 1.6 Fighting
 - Level 2.1 Dodging
 * Level 4.2 Unarmed Combat
 - Level 2.0 Spellcasting
 - Level 1.5 Transmutations


You had 5 spell levels left.
You knew the following spells:

 Your Spells              Type           Power        Failure   Level  Hunger
a - Beastly Appendage     Tmut           #.....       14%         1    ##.....


Dungeon Overview and Level Annotations

Branches:
Dungeon (1/15)

Altars:


Innate Abilities, Weirdness & Mutations

You have a beak for a mouth.
You have claws for feet.
You have a pair of horns on your head.


Message History

You closely miss the leopard gecko. Your peck misses the leopard gecko.
Your punch misses the leopard gecko. The leopard gecko bites you.
You closely miss the leopard gecko. Your kick misses the leopard gecko.
Your headbutt misses the leopard gecko. The leopard gecko barely misses you.
You hit the leopard gecko but do no damage.
The leopard gecko bites you.
* * * LOW HITPOINT WARNING * * *
You miss the leopard gecko.
You claw the leopard gecko, but do no damage.
Your transformation is almost over.
The leopard gecko barely misses you. The leopard gecko closely misses you.
You closely miss the leopard gecko.
The leopard gecko bites you but does no damage.
You barely miss the leopard gecko. Your kick misses the leopard gecko.
The leopard gecko bites you.
* * * LOW HITPOINT WARNING * * *
You barely miss the leopard gecko.
You claw the leopard gecko, but do no damage.
The leopard gecko bites you.
You die...

#........#..........#
####..##.#..........#
##.##.#..........#
#.##.#.....)....#
#####..#.#..........#
#......#.#..........#
#......#.#†.........#
#......#.#..........#
#...............@...#
#......#...######l###
#......#...##...((#
#........####....K#
####.##.†# #.....#
#.....# #.....#
#.....# #..K.##
#.....# #.....
##....# #.....


You could see a leopard gecko and a kobold.

Vanquished Creatures
  A ball python (D:1)
  6 bats (D:1)
  2 giant cockroaches (D:1)
  5 goblins (D:1)
  4 hobgoblins (D:1)
  A frilled lizard (D:1)
  A kobold (D:1)
  5 rats (D:1)
25 creatures vanquished.

Notes
Turn   | Place    | Note
-------+----------+-------------------------------------------
     0 | D:1      | inmateoo the Tengu Transmuter began the quest for the Orb.
     0 | D:1      | Reached XP level 1. HP: 12/12 MP: 4/4
   459 | D:1      | Reached XP level 2. HP: 4/16 MP: 6/6
   863 | D:1      | Reached skill level 4 in Unarmed Combat
   971 | D:1      | Reached XP level 3. HP: 16/20 MP: 7/7
  1067 | D:1      | Slain by a leopard gecko

Skill      XL: |  1  2 |
---------------+-------+-----
Unarmed Combat | 4 |  4.2
Fighting       | |  1.6
Dodging        | |  2.1
Spellcasting   | |  2.0
Transmutations | |  1.5

Action                   || total
-------------------------++-------
Melee: Unarmed           ||    71
       Kick              ||    19
       Peck              ||     3
       Headbutt          ||     2
 Cast: Beastly Appendage ||     3
Armor: Robe              ||    24
Dodge: Dodged            ||    53
